 Dungeon Crawl Stone Soup version 0.30-a0-715-gdb4ae3ece1 (webtiles) character file.

Game seed: 11346456569911166123

174 Darius099 the Ruffian (level 5, -1/53 HPs)
             Began as a Troll Monk on Jan 24, 2023.
             Slain by Pikel
             ... wielding a +1 whip of flaming
              (7 damage)
             ... on level 4 of the Dungeon.
             The game lasted 00:02:13 (1845 turns).

Darius099 the Ruffian (Troll Monk)                  Turns: 1845, Time: 00:02:13

Health: -1/53      AC:  5    Str: 19    XL:     5   Next: 28%
Magic:  4/4        EV: 11    Int:  6    God:
Gold:   179        SH:  0    Dex: 14    Spells: 4/4 levels left

rFire   . . .      SeeInvis .      - Unarmed
rCold   . . .      Faith    .    (no shield)
rNeg    . . .      Spirit   .    a - +0 robe
rPois   .          Reflect  .    (helmet restricted)
rElec   .          Harm     .    j - +0 cloak
rCorr   .          Rampage  .    (gloves unavailable)
Will    .....                    (boots unavailable)
Stlth   +                        (no amulet)
HPRegen 1.08/turn                (no ring)
MPRegen 0.09/turn                (no ring)

@: confused, ambrosia-drunk
A: large, unfitting armour, claws 3, regeneration 1, shaggy fur 1, tough skin 1
a: no special abilities


You were on level 4 of the Dungeon.
You visited 1 branch of the dungeon, and saw 4 of its levels.

You collected 179 gold pieces.

Inventory:

Armour
 a - a +0 robe (worn)
 j - a +0 cloak (worn)
Jewellery
 h - a ring of magical power
 k - a ring of ice
Scrolls
 c - 3 scrolls of immolation {unknown}
 g - 2 scrolls of enchant armour {unknown}
 i - a scroll of identify {unknown}
Potions
 d - 2 potions of flight {unknown}
 e - a potion of degeneration {unknown}
 f - a potion of brilliance {unknown}


   Skills:
 - Level 3.1 Fighting
 + Level 3.3 Dodging
 - Level 1.8 Stealth
 + Level 4.0 Unarmed Combat


You had 4 spell levels left.
You didn't know any spells.
Your spell library contained the following spells:

 Spells                   Type           Power      Damage    Failure   Level
 Hailstorm                Conj/Ice       0%         3d3       83%         3
 Tukima's Dance           Hex            0%         N/A       83%         3
 Ice Form                 Ice/Tmut       0%         N/A       99%         4
 Passage of Golubria      Tloc           0%         N/A       99%         4
 Yara's Violent Unravell  Hex/Tmut       0%         3d3       100%        5
 Simulacrum               Ice/Necr       0%         N/A       100%        6


Dungeon Overview and Level Annotations

Branches:
Dungeon (4/15)             Temple (0/1) D:4

Altars:

Annotations:
D:4 Pikel


Innate Abilities, Weirdness & Mutations

You are too large for most types of armour.
You have claws for hands.
Your natural rate of healing is unusually fast.
You are covered in fur. (AC +1)
You have tough skin. (AC +1)


Message History

Pikel is lightly wounded.
Pikel closely misses you.
You closely miss Pikel.
Pikel is lightly wounded.
Pikel hits you with a +1 whip of flaming!
Pikel burns you.
You barely miss Pikel.
Pikel is lightly wounded.
Pikel barely misses you.
You closely miss Pikel.
Pikel is lightly wounded.
Pikel closely misses you.
You barely miss Pikel.
Pikel is lightly wounded.
Pikel barely misses you.
You scratch Pikel.
Pikel is lightly wounded.
Pikel completely misses you.
You completely miss Pikel.
Pikel is lightly wounded.
Pikel hits you with a +1 whip of flaming!
* * * LOW HITPOINT WARNING * * *
Pikel burns you.
* * * LOW HITPOINT WARNING * * *
You closely miss Pikel. Your claw misses Pikel.
Pikel is lightly wounded.
Pikel hits you with a +1 whip of flaming!
* * * LOW HITPOINT WARNING * * *
Pikel burns you.
* * * LOW HITPOINT WARNING * * *
You barely miss Pikel.
Pikel is lightly wounded.
Pikel hits you with a +1 whip of flaming.
* * * LOW HITPOINT WARNING * * *
Pikel burns you.
* * * LOW HITPOINT WARNING * * *
You are confused.
You feel invigorated.
Pikel hits you with a +1 whip of flaming!
You die...

.#........##.#.#........#
...##.#)#....#....#.##..#
##†##...#'##.#....>.....#
...##.............#.....#
....#.........#.........#
...).......##.###.#..#.##
..))...######........#.#
..)).).# ####.###.####.#
.......###...55K@......#
.......##.....##########
........#..........#
.............K..##.#
.###.##...##5.#.# .#
.##...##.##.# .... ...5#
.. ... >..... .. ..
......## #.#


You could see Pikel and 2 lemures.

Vanquished Creatures
  2 orc priests (D:3)
  3 adders
  A worm (D:3)
  3 dart slugs
  9 orcs
  3 ball pythons (D:3)
  3 bats
  5 endoplasms
  2 giant cockroaches
  11 goblins
  7 hobgoblins
  A jackal (D:3)
  9 kobolds
  3 frilled lizards
  6 rats
68 creatures vanquished.

Notes
Turn   | Place    | Note
-------+----------+-------------------------------------------
     0 | D:1      | Darius099 the Troll Monk began the quest for the Orb.
     0 | D:1      | Reached XP level 1. HP: 22/22 MP: 0/0
   258 | D:1      | Reached XP level 2. HP: 29/29 MP: 1/1
   705 | D:1      | Reached XP level 3. HP: 36/36 MP: 2/2
   957 | D:2      | You fall into a shaft and drop 1 floor!
  1339 | D:3      | Reached XP level 4. HP: 45/45 MP: 3/3
  1608 | D:3      | Reached XP level 5. HP: 53/53 MP: 4/4
  1736 | D:4      | Reached skill level 4 in Unarmed Combat
  1816 | D:4      | Found a staircase to the Ecumenical Temple.
  1816 | D:4      | Noticed a lemure
  1817 | D:4      | Noticed Pikel
  1817 | D:4      | Noticed a lemure
  1818 | D:4      | Noticed a lemure
  1819 | D:4      | Noticed a lemure
  1844 | D:4      | HP: 2/53 [Pikel/+1 whip of flaming (2)]
  1845 | D:4      | Slain by Pikel

Illustrated notes

Levels and vault maps discovered:
D:1:      dpeg_arrival_rooms_b, layout_basic, kennysheep_flooded_box,
          serial_park_tiny_1, minmay_liquid_box, minmay_close_crescents
D:2:      layout_rooms, nicolae_figureground_pulse
D:3:      layout_basic, minmay_misc_feat_x, nicolae_eternal_life,
          minmay_joined_circles
D:4:      minmay_bubble_buster, layout_basic, minmay_temple_entry_stoned_glass,
          gammafunk_ghost_grave, uniq_blork_the_orc, uniq_pikel, uniq_natasha

Skill      XL: |  1  2  3  4  5 |
---------------+----------------+-----
Fighting       | 3 |  3.1
Dodging        | 3 |  3.3
Unarmed Combat | 4 |  4.0
Stealth        | |  1.8

Action                     |  1- 3 |  4- 6 || total
---------------------------+-------+-------++-------
  Melee: Unarmed           |    92 |    76 ||   168
         Punch             |     2 |     1 ||     3
    Use: Potion            |       |     1 ||     1
   Stab: Sleeping          |     3 |       ||     3
 Armour: Robe              |    24 |    18 ||    42
  Dodge: Dodged            |    36 |    30 ||    66

Table legend: (Time is in decaauts)
 A = Elapsed time spent in this place.
 B = Non-inter-level travel time spent in this place.
 C = Inter-level travel time spent in this place.
 D = Time resting spent in this place.
 E = Time spent auto-exploring this place.
 F = Levels seen in this place.
 G = Mean time per level.
                   A        B        C        D        E       F      G
               +--------+--------+--------+--------+--------+-----+--------+
         Total |   1834 |   1788 |     46 |      0 |   1341 |   4 |  458.5 |
       Dungeon |   1834 |   1788 |     46 |      0 |   1341 |   4 |  458.5 |
               +--------+--------+--------+--------+--------+-----+--------+

Top non-repeatable levels by time:
     D:1: 851 daAuts
     D:3: 766 daAuts
     D:4: 115 daAuts
     D:2: 101 daAuts
